 Dungeon Crawl Stone Soup version 0.29-a0-23-ga79f92ac9c (webtiles) character file.

Game seed: 12799376543638862175

90402 freelancePsychic the Executioner (level 16, -3/154 HPs)
             Began as a Hill Orc Monk on Jan 30, 2022.
             Was a High Priest of Beogh.
             Succumbed to a sea snake's poison
             ... on level 2 of the Shoals.
             The game lasted 00:58:16 (24568 turns).

freelancePsychic the Executioner (Hill Orc Monk)   Turns: 24568, Time: 00:58:17

Health: -3/154     AC: 25    Str: 28    XL:     16   Next: 0%
Magic:  25/25      EV: 15    Int: 10    God:    Beogh [*****.]
Gold:   2048       SH:  0    Dex: 17    Spells: 15/15 levels left

rFire   + . .      SeeInvis .   b - +8 executioner's axe of Stickiness {vorpal, rElec rC+ Str+3}
rCold   + + .      Faith    .   (shield currently unavailable)
rNeg    . . .      Spirit   .   n - +3 plate armour "Xyvuhug" {rF+ rC+}
rPois   +          Reflect  .   (no helmet)
rElec   +          Harm     .   w - scarf {shadows}
rCorr   .          Rampage  .   h - +2 pair of gloves
Will    +....                   x - +2 pair of boots "Vafeppempi" {Contam rPois Str+7}
Stlth   ..........              N - amulet of regeneration
HPRegen 1.15/turn               Q - +4 ring of evasion
MPRegen 0.19/turn               y - +4 ring of slaying

@: lethally poisoned (-3 -> -42)
A: walk on water
a: Renounce Religion, Smiting, Recall Orcish Followers, Give Item to Named
Follower


You were on level 2 of the Shoals.
You worshipped Beogh.
Beogh was extremely pleased with you.
You visited 4 branches of the dungeon, and saw 22 of its levels.
You also visited: Bailey and Ice Cave.

You collected 2820 gold pieces.
You spent 772 gold pieces at shops.

Inventory:

Hand Weapons
 b - the +8 executioner's axe of Stickiness (weapon) {vorpal, rElec rC+ Str+3}
   (You acquired it on level 4 of the Dungeon)

   It inflicts extra damage upon your enemies.
   Str:       It affects your strength (+3).
   rC:        It protects you from cold.
   rElec:     It insulates you from electricity.
 v - a +5 vorpal broad axe
Missiles
 G - 41 boomerangs
 I - 2 throwing nets (quivered)
Armour
 a - a +0 tower shield
 h - a +2 pair of gloves (worn)
 m - a +4 chain mail
 n - the +3 plate armour "Xyvuhug" (worn) {rF+ rC+}
   (You found it on level 11 of the Dungeon)

   rF:        It protects you from fire.
   rC:        It protects you from cold.
 w - a scarf of shadows (worn)
 x - the +2 pair of boots "Vafeppempi" (worn) {Contam rPois Str+7}
   (You acquired it on level 4 of the Dungeon)

   Str:       It affects your strength (+7).
   rPois:     It protects you from poison.
   Contam:    It causes magical contamination when unequipped.
 D - a +2 pair of boots of fire resistance
Jewellery
 d - a ring of willpower
 y - a +4 ring of slaying (right hand)
 E - a ring of protection from cold
 J - a ring of magical power
 N - an amulet of regeneration (around neck)
 Q - a +4 ring of evasion (left hand)
 R - an amulet of faith
Wands
 e - a wand of digging (7)
 j - a wand of polymorph (10)
 o - a wand of acid (6)
 q - a wand of paralysis (11)
 z - a wand of flame (54)
 L - a wand of iceblast (3)
 O - a wand of charming (8)
 S - a wand of mindburst (5)
Scrolls
 g - 5 scrolls of amnesia
 k - a scroll of blinking
 p - 2 scrolls of enchant armour
 A - 4 scrolls of immolation
 M - 2 scrolls of fog
 T - a scroll of magic mapping
 U - 6 scrolls of teleportation {@r4}
 V - 2 scrolls of identify {@r1}
Potions
 c - 3 potions of lignification
 f - 3 potions of resistance
 l - 2 potions of magic
 r - 3 potions of mutation
 s - 8 potions of ambrosia
 t - 4 potions of attraction
 u - 3 potions of might
 B - 10 potions of curing {@q1}
 C - 2 potions of heal wounds {unknown}
 F - 8 potions of brilliance {unknown}
 H - a potion of invisibility {unknown}
 K - a potion of haste {@q3}
 W - a potion of berserk rage
 Y - 3 potions of cancellation {unknown}
 Z - a potion of flight {unknown}
Miscellaneous
 i - a box of beasts
 P - a condenser vane


   Skills:
 + Level 16.9 Fighting
 - Level 23.3 Axes
 + Level 12.1 Armour
 - Level 6.6 Dodging
 - Level 1.6 Stealth
 + Level 12.9 Invocations


You had 15 spell levels left.
You didn't know any spells.
Your spell library contained the following spells:

 Spells                   Type           Power      Damage    Failure   Level
 Freeze                   Ice            0%         1d3       95%         1
 Magic Dart               Conj           0%         1d3       95%         1
 Sandblast                Erth           0%         2d4       95%         1
 Shock                    Conj/Air       0%         1d3       95%         1
 Passwall                 Tmut/Erth      0%         N/A       99%         2
 Searing Ray              Conj           0%         2d4       99%         2
 Static Discharge         Conj/Air       0%         N/A       99%         2
 Call Canine Familiar     Summ           0%         N/A       100%        3
 Conjure Flame            Conj/Fire      0%         6-21      100%        3
 Dazzling Flash           Conj/Hex       0%         N/A       100%        3
 Frozen Ramparts          Ice            0%         1d2       100%        3
 Ignite Poison            Fire/Tmut/Pois 0%         N/A       100%        3
 Portal Projectile        Hex/Tloc       0%         N/A       100%        3
 Stone Arrow              Conj/Erth      0%         3d7       100%        3
 Cause Fear               Hex            0%         N/A       100%        4
 Fulminant Prism          Conj/Hex       0%         3d6       100%        4
 Hailstorm                Conj/Ice       0%         3d3       100%        4
 Iskenderun's Mystic Bla  Conj/Tloc      0%         2d3       100%        4
 Leda's Liquefaction      Hex/Erth       0%         N/A       100%        4
 Sticky Flame             Conj/Fire      0%         2d3       100%        4
 Summon Lightning Spire   Summ/Air       0%         N/A       100%        4
 Agony                    Necr           0%         N/A       100%        5
 Blade Hands              Tmut           0%         N/A       100%        5
 Excruciating Wounds      Necr           0%         N/A       100%        5
 Lightning Bolt           Conj/Air       0%         1d11      100%        5
 Silence                  Hex/Air        0%         N/A       100%        5
 Starburst                Conj/Fire      0%         6d3       100%        6
 Dragon Form              Tmut           0%         N/A       100%        7
 Monstrous Menagerie      Summ           0%         N/A       100%        7
 Storm Form               Tmut/Air       0%         N/A       100%        7
 Maxwell's Capacitive Co  Air            0%         ∞         100%        8
 Chain Lightning          Conj/Air       0%         N/A       100%        9
 Dragon's Call            Summ           0%         N/A       100%        9


Dungeon Overview and Level Annotations

Branches:
Dungeon (11/15)            Temple (0/1) D:7            Lair (6/6) D:10
 Shoals (3/4) Lair:4        Snake (0/4) Lair:4        Slime (0/5) Lair:6
    Orc (2/2) D:9             Elf (0/3) Orc:2        Bailey (visited)
  IceCv (visited)

Altars:
Sif Muna
Uskayaw
Wu Jian
Beogh
Jiyva
Lugonu

Shops:
D:9 (   D:10 *   Orc:2 ([(==:

Portals:
Abyss: Lair:6

Annotations:
D:3 Grinder, Terence
D:5 exclusion: wyvern
Shoals:1 3 runed translucent doors


Message History

The merfolk siren chants a haunting song.
You are mesmerised by the merfolk siren!
The merfolk barely misses you. The sea snake bites you!
You slash the merfolk siren!
You break out of your daze!
You kill the merfolk siren!
Beogh accepts your kill.
You closely miss the sea snake.
The merfolk impaler hits you from afar with a +0 trident of venom.
You are poisoned.
The merfolk impaler hits you but does no damage.
You are more poisoned.
The sea snake bites you but does no damage.
You have reached level 16!
A snapping turtle, a merfolk and a faun come into view.
The merfolk is wielding a +0 trident and quivering boomerangs of dispersal.
You feel very sick.
The snapping turtle hisses angrily.
The faun shouts!
The faun unwields a +0 spear.
The faun wields a +0 hunting sling.
The faun shoots a stone.
The stone hits you but does no damage.
The merfolk hits you from afar with a +0 trident!
* * * LOW HITPOINT WARNING * * *
The merfolk hits you with a +0 trident!
* * * LOW HITPOINT WARNING * * *
There is a stone staircase leading up, spattered with blood here.
You see here a +0 war axe.
You feel very sick.
The merfolk javelineer throws a javelin.
The javelin barely misses you.
The javelin pierces through the sea snake!!
The faun shoots a stone.
The stone hits you but does no damage.
The merfolk hits you but does no damage.
The merfolk impaler hits you from afar with a +0 trident of venom.
* * * LOW HITPOINT WARNING * * *
The sea snake bites you.
* * * LOW HITPOINT WARNING * * *
You are lethally poisoned!
The sea snake poisons you!
You climb upwards.
You die...

≈≈≈≈≈≈≈≈≈≈≈≈≈≈≈≈≈≈≈≈..≈≈≈≈≈≈≈≈.
≈≈≈≈≈≈≈≈≈≈≈≈≈≈≈≈≈≈≈≈≈...≈≈≈≈≈≈≈≈.
≈≈≈≈≈≈≈≈≈≈≈≈≈≈≈≈≈≈≈...o.≈≈≈≈≈≈≈≈.
≈≈≈≈≈≈≈≈≈≈≈≈≈≈≈≈≈≈<.≈≈o.≈≈≈≈≈≈≈≈≈
≈≈≈≈≈≈.≈≈≈≈≈≈≈≈≈≈≈≈≈≈≈≈o≈≈≈≈≈≈≈≈≈
≈≈....≈≈≈.≈≈≈.≈≈.........≈≈≈≈≈≈≈≈
≈.....≈≈.......(..##.....≈≈≈.(≈≈≈
...#..).........S###..##.≈≈..≈≈≈.
.....≈..)......m@.....#.≈≈≈≈..≈≈.
...≈≈......≈...m........>≈PP.....
......≈...≈≈.###...#...≈≈≈PPP.P..
.............# #......≈≈≈≈≈.P....
##....≈≈≈.[≈.###....≈≈≈≈≈≈≈≈≈P...
###....≈≈≈≈≈≈≈.....≈≈≈≈≈≈P≈P≈...≈
###....≈≈≈≈≈≈≈≈≈≈..≈≈≈≈PPPPPPP...
....≈≈≈≈≈≈≈≈≈≈≈≈≈≈≈≈≈≈≈P≈≈PPP≈.†.
....≈≈≈≈≈≈≈≈≈≈≈≈≈≈≈≈≈≈PPPPPP≈....


You could see a merfolk javelineer, a sea snake and a merfolk.

Vanquished Creatures
  A kraken (Shoals:3)
  2 orc warlords
  Nessos (Orc:2)
  A merfolk impaler (Shoals:3)
  Erolcha (D:9)
  3 hydras
  3 centaur warriors
  A merfolk aquamancer (Shoals:2)
  A catoblepas (Lair:6)
  2 boulder beetles
  5 two-headed ogres
  A satyr (Shoals:3)
  2 thrashing horrors (Lair:6)
  Nergalle (D:11)
  2 skeletal warriors (D:9)
  4 sea snakes
  2 deep trolls (D:9)
  A wizard (D:8)
  A lindwurm (Lair:5)
  8 harpies (Shoals:3)
  A deep elf pyromancer (D:8)
  A wolf spider zombie (D:11)
  3 orc sorcerers
  A cyclops (Shoals:1)
  2 fauns (Shoals:1)
  9 elephants
  2 ugly things
  6 manticores
  3 ice statues (IceCv)
  3 merfolk sirens
  2 black mambas
  Joseph (D:8)
  A gargoyle (D:8)
  3 smoke demons (Lair:6)
  A water nymph (Shoals:1)
  2 freezing wraiths
  2 rime drakes
  8 cane toads
  8 komodo dragons
  2 hellwings (D:11)
  An ancient zyme (Lair:6)
  A redback zombie (D:11)
  12 merfolk
  11 trolls
  A queen bee (D:9)
  A troll (shapeshifter) (Lair:6)
  A wind drake (Shoals:1)
  16 blink frogs
  A hornet (D:9)
  10 dream sheep
  5 snapping turtles
  3 water elementals
  Sigmund (D:2)
  A wraith (D:9)
  60 yaks
  A ynoxinul (Lair:6)
  2 dire elephant simulacra (IceCv)
  6 basilisks
  3 wyverns
  2 large abominations (Lair:6)
  2 death yak simulacra (IceCv)
  3 chaos spawn (Lair:6)
  A steam dragon (D:10)
  Menkaure (D:4)
  7 wargs
  2 nagas (Lair:4)
  14 water moccasins
  5 orc warriors
  A necrophage (D:7)
  An ice beast (D:6)
  7 small abominations (Lair:6)
  10 ogres
  22 wolves
  4 centaurs
  7 bullfrogs
  2 kobold brigands
  2 gnoll sergeants
  A scorpion (D:5)
  3 cane toad simulacra (IceCv)
  A wyvern skeleton (D:6)
  27 killer bees
  An electric eel (D:9)
  3 howler monkeys (D:9)
  4 centaur zombies
  6 hounds
  3 jellies
  2 centaur skeletons
  2 gnoll shamans
  3 orc priests
  2 bullfrog skeletons
  Jessica (D:3)
  An iguana (D:7)
  8 orc wizards
  A scorpion zombie (D:5)
  A killer bee zombie (D:5)
  2 howler monkey zombies
  26 gnolls
  2 adders
  A howler monkey skeleton (D:4)
  3 shadow imps (D:11)
  13 white imps
  2 ufetubi (D:6)
  An adder skeleton (D:4)
  A worm (D:2)
  4 dart slugs
  13 orcs
  9 endoplasms
  3 giant cockroaches
  9 goblins
  5 hobgoblins
  7 jackals
  14 kobolds
  2 quokkas (D:1)
  8 ball pythons
  4 bats
  2 frilled lizards (D:1)
  6 rats
  A tentacle (Shoals:3)
542 creatures vanquished.

Vanquished Creatures (collateral kills)
  A two-headed ogre (D:11)
  A death knight (D:9)
  3 death yaks (Lair:5)
  A merfolk avatar (Shoals:2)
  A thrashing horror (Lair:6)
  A harpy (Shoals:3)
  An orc knight (Orc:2)
  A manticore (Shoals:2)
  2 fauns (Shoals:1)
  2 elephants (Lair:3)
  3 black mambas
  3 cane toads
  A komodo dragon (Lair:5)
  2 large abominations (Lair:6)
  2 trolls
  2 merfolk
  A polar bear (Lair:3)
  9 blink frogs
  A dream sheep (Lair:6)
  2 snapping turtles
  A water elemental (Shoals:3)
  13 yaks
  A warg (Orc:2)
  An acid dragon (D:8)
  A naga (Lair:4)
  4 water moccasins
  An ogre (Orc:1)
  4 orc warriors
  4 wolves
  A small abomination (Lair:6)
  2 centaurs
  3 bullfrogs (Lair:3)
  A gnoll sergeant (D:9)
  6 killer bees
  2 electric eels (D:9)
  3 centaur zombies
  4 orc priests
  2 gnoll shamans
  5 orc wizards
  A gnoll (D:8)
  A shadow imp (D:11)
  A white imp (D:8)
  13 orcs
  A goblin (Orc:2)
  2 hobgoblins (Bailey)
  A ball python (D:3)
  A kobold (D:9)
  A bush (D:8)
  A tentacle (Shoals:3)
122 creatures vanquished.

Vanquished Creatures (others)
  2 orc knights
  An orc sorcerer (Shoals:1)
  2 orc priests (D:9)
  12 orc warriors
  3 orc wizards
  A gnoll (D:8)
  23 orcs
  33 fungi
  44 plants
  5 tentacles (Shoals:3)
  4 withered plants (D:11)
130 creatures vanquished.

Grand Total: 794 creatures vanquished

Notes
Turn   | Place    | Note
-------+----------+-------------------------------------------
     0 | D:1      | freelancePsychic the Hill Orc Monk began the quest for the
                  | Orb.
     0 | D:1      | Reached XP level 1. HP: 19/19 MP: 1/1
    40 | D:1      | Reached XP level 2. HP: 8/27 MP: 2/2
   720 | D:1      | Reached XP level 3. HP: 33/33 MP: 3/3
   722 | D:1      | Reached skill level 5 in Axes
  1670 | D:2      | Found a faded altar of an unknown god.
  1694 | D:2      | Prayed at the altar of an unknown god.
  1694 | D:2      | Became a worshipper of Beogh the Brigand
  1694 | D:2      | Reached * piety under Beogh
  1694 | D:2      | Reached ** piety under Beogh
  2042 | D:2      | Reached *** piety under Beogh
  2043 | D:2      | Reached XP level 4. HP: 32/41 MP: 4/4
  2233 | D:2      | Noticed Sigmund
  2844 | D:3      | Noticed Terence
  2934 | D:3      | Reached skill level 1 in Invocations
  3338 | D:3      | Noticed Grinder
  3483 | D:3      | Noticed Jessica
  3497 | D:3      | Killed Jessica
  3498 | D:3      | Reached skill level 6 in Axes
  3498 | D:3      | Reached XP level 5. HP: 24/47 MP: 4/6
  3730 | D:2      | Killed Sigmund
  3731 | D:2      | Reached skill level 5 in Fighting
  3731 | D:2      | Reached skill level 7 in Axes
  3731 | D:2      | Reached XP level 6. HP: 48/56 MP: 0/8
  4219 | D:4      | Identified 4 scrolls of acquirement
  4219 | D:4      | Acquired the +2 buckler "Qiatis" {Will+ Str+2}
  4221 | D:4      | Acquired the +2 pair of boots "Vafeppempi" {Contam rPois
                  | Str+7}
  4231 | D:4      | Acquired a +4 ring of slaying
  4234 | D:4      | Acquired the +8 executioner's axe of Stickiness {vorpal,
                  | rElec rC+ Str+3}
  4473 | D:4      | Noticed Menkaure
  4485 | D:4      | Killed Menkaure
  4517 | D:4      | Reached XP level 7. HP: 53/62 MP: 9/9
  4620 | D:5      | Entered Level 5 of the Dungeon
  4633 | D:5      | Reached skill level 8 in Axes
  5344 | D:5      | Noticed a wyvern
  5361 | D:5      | Reached skill level 9 in Axes
  5603 | D:5      | Reached skill level 5 in Invocations
  5603 | D:5      | Reached XP level 8. HP: 71/71 MP: 11/11
  6408 | D:6      | Reached skill level 10 in Axes
  6550 | D:6      | Reached skill level 1 in Armour
  7431 | D:7      | Reached **** piety under Beogh
  7432 | D:7      | Reached skill level 11 in Axes
  7460 | D:7      | Reached XP level 9. HP: 70/80 MP: 13/13
  7736 | D:7      | Found a staircase to the Ecumenical Temple.
  7876 | D:8      | Found a flagged portal.
  7895 | Bailey   | Entered a bailey
  7901 | Bailey   | Noticed an orc warlord
  7928 | Bailey   | Noticed an orc knight
  8162 | Bailey   | Found a runed translucent gate.
  8165 | Bailey   | Found a runed translucent gate.
  8167 | Bailey   | Found a runed translucent gate.
  8519 | Bailey   | Killed an orc warlord
  8520 | Bailey   | Reached skill level 12 in Axes
  8534 | Bailey   | Reached skill level 10 in Fighting
  8534 | Bailey   | Reached skill level 15 in Axes
  8534 | Bailey   | Reached XP level 10. HP: 94/94 MP: 14/14
  8545 | Bailey   | Identified the +8 hand crossbow of a Labyrinth {penet,
                  | Will+ rCorr Str+2 Stlth+}
  8574 | D:8      | Noticed Joseph
  8582 | D:8      | Killed Joseph
  8769 | D:8      | Noticed a manticore
  8776 | D:8      | Killed a manticore
  8777 | D:8      | Reached skill level 16 in Axes
  9138 | D:8      | Reached XP level 11. HP: 91/102 MP: 15/15
  9783 | D:9      | Found a staircase to the Orcish Mines.
  9785 | D:9      | Found Dempath's Weapon Shop.
 10098 | D:9      | Noticed a deep troll
 10098 | D:9      | Noticed a deep troll
 10103 | D:9      | Killed a deep troll
 10105 | D:9      | Killed a deep troll
 10106 | D:9      | Reached skill level 17 in Axes
 10172 | D:9      | Gained Oruk as an ally
 10262 | D:9      | Found a shimmering blue altar of Sif Muna.
 10275 | D:9      | Noticed a death knight
 10276 | D:9      | Noticed a skeletal warrior
 10277 | D:9      | Noticed a skeletal warrior
 10284 | D:9      | Killed a death knight
 10286 | D:9      | Your ally Oruk died
 10663 | D:8      | Noticed a two-headed ogre
 10663 | D:8      | Noticed a centaur warrior
 10666 | D:8      | Killed a two-headed ogre
 10667 | D:8      | Reached XP level 12. HP: 112/112 MP: 16/16
 10668 | D:8      | Killed a centaur warrior
 10669 | D:8      | Reached skill level 18 in Axes
 10671 | D:8      | Reached ***** piety under Beogh
 10676 | D:8      | Identified the +4 ring mail of Zuak {Rampage Int+3 Stlth-}
 10697 | D:8      | Noticed a centaur warrior
 10699 | D:8      | Gained Orgrim as an ally
 10702 | D:8      | Your ally Orgrim died
 10708 | D:8      | Killed a centaur warrior
 11242 | D:9      | Gained Bogbarth as an ally
 11414 | D:9      | Reached skill level 10 in Armour
 11473 | D:9      | Noticed a two-headed ogre
 11473 | D:9      | Noticed Erolcha
 11481 | D:9      | Killed a two-headed ogre
 11482 | D:9      | Reached skill level 19 in Axes
 11485 | D:9      | Killed Erolcha
 11760 | D:10     | Entered Level 10 of the Dungeon
 11815 | D:10     | Found Zotsilinae's Fire Supplies.
 11821 | D:10     | Bought a +2 pair of boots of fire resistance for 322 gold
                  | pieces
 12100 | D:10     | Found a staircase to the Lair.
 12490 | D:10     | Noticed a two-headed ogre
 12497 | D:10     | Killed a two-headed ogre
 12498 | D:10     | Reached XP level 13. HP: 97/122 MP: 17/17
 12599 | D:10     | Reached skill level 20 in Axes
 12941 | Lair:1   | Entered Level 1 of the Lair of Beasts
 12948 | Lair:1   | Found an ornate altar of the Wu Jian Council.
 12948 | Lair:1   | Found a hide-covered altar of Uskayaw.
 15151 | Lair:3   | Reached skill level 21 in Axes
 15858 | Lair:4   | Reached ****** piety under Beogh
 15864 | Lair:4   | Reached XP level 14. HP: 102/133 MP: 20/20
 16255 | Lair:4   | Found a staircase to the Shoals.
 16354 | Lair:4   | Found a staircase to the Snake Pit.
 17527 | Lair:6   | Entered Level 6 of the Lair of Beasts
 17543 | Lair:6   | Reached skill level 5 in Dodging
 17603 | Lair:6   | Found a frozen archway.
 17740 | IceCv    | Entered an ice cave
 17751 | IceCv    | Reached skill level 15 in Fighting
 17862 | IceCv    | Reached skill level 22 in Axes
 17930 | IceCv    | Got the Compendium of Flying Illusion
 18248 | Lair:6   | Reached skill level 10 in Invocations
 18406 | Lair:6   | Found a corrupted altar of Lugonu.
 18406 | Lair:6   | Found a one-way gate to the infinite horrors of the Abyss.
 18774 | Lair:6   | Found a viscous altar of Jiyva.
 18774 | Lair:6   | Found a staircase to the Slime Pits.
 19428 | Lair:6   | Upgraded the game from 0.29-a0-22-gbf593b16ee to
                  | 0.29-a0-23-ga79f92ac9c
 19705 | Orc:1    | Entered Level 1 of the Orcish Mines
 19710 | Orc:1    | Gained Okrist as an ally
 20131 | Orc:2    | Entered Level 2 of the Orcish Mines
 20135 | Orc:2    | Noticed Nessos
 20139 | Orc:2    | Killed Nessos
 20140 | Orc:2    | Reached XP level 15. HP: 141/141 MP: 13/22
 20140 | Orc:2    | Found Boligg's Jewellery Shop.
 20428 | Orc:2    | Found a staircase to the Elven Halls.
 20432 | Orc:2    | Found Cejol's Jewellery Shoppe.
 20460 | Orc:2    | Found a roughly hewn altar of Beogh.
 20461 | Orc:2    | Found a roughly hewn altar of Beogh.
 20483 | Orc:2    | Noticed an orc warlord
 20498 | Orc:2    | Killed an orc warlord
 20500 | Orc:2    | Reached skill level 23 in Axes
 20692 | Orc:2    | Found Vyryamuda's Antique Armour Shoppe.
 20692 | Orc:2    | Noticed Saint Roka
 20693 | Orc:2    | Found a roughly hewn altar of Beogh.
 20694 | Orc:2    | Found Rafuttos's Antique Weapon Emporium.
 21243 | Orc:2    | Found a roughly hewn altar of Beogh.
 21246 | Orc:2    | Found Jucaek's Book Emporium.
 21323 | Orc:2    | Found a roughly hewn altar of Beogh.
 21405 | Orc:2    | Found a roughly hewn altar of Beogh.
 21435 | Orc:2    | Found a roughly hewn altar of Beogh.
 21478 | Orc:2    | Found Qocs's Antique Weapon Emporium.
 21502 | Orc:2    | Bought an amulet of regeneration for 450 gold pieces
 21830 | D:11     | Gained Morbeogh as an ally
 21890 | D:11     | Gained Argrim as an ally
 22024 | D:11     | Noticed Nergalle
 22032 | D:11     | Killed Nergalle
 22135 | D:11     | Identified the +3 plate armour "Xyvuhug" {rF+ rC+}
 22690 | Shoals:1 | Entered Level 1 of the Shoals
 22862 | Shoals:1 | Found a runed translucent gate.
 22882 | Shoals:1 | Your ally Argrim died
 22889 | Shoals:1 | Gained Arkwar as an ally
 22891 | Shoals:1 | Your ally Arkwar died
 22901 | Shoals:1 | Found a runed translucent gate.
 22901 | Shoals:1 | Noticed a frost giant
 22901 | Shoals:1 | Found the +3 warlock's mirror {reflect}
 22910 | Shoals:1 | Found a runed translucent gate.
 22911 | Shoals:1 | Noticed a frost giant
 23906 | Shoals:2 | Identified the +4 flail of Beogexoff {vorpal, Contam MP+9
                  | Dex+4}
 24465 | Shoals:3 | Noticed a kraken
 24473 | Shoals:3 | Killed a kraken
 24565 | Shoals:3 | Your ally Morbeogh died
 24566 | Shoals:3 | Reached XP level 16. HP: 50/154 MP: 25/25
 24568 | Shoals:2 | Succumbed to a sea snake's poison

Illustrated notes

Levels and vault maps discovered:
D:1:      evilmike_arrival_plus, layout_basic, minmay_tetromino_l4
D:2:      layout_basic, shapermc_ecumenical_altar_ellora, minmay_fountain_box,
          uniq_sigmund
D:3:      layout_basic, minmay_shallow_snake_nest, uniq_jessica, uniq_grinder,
          uniq_terence, uniq_robin
D:4:      layout_basic, uniq_menkaure
D:5:      layout_cave_pools, kennysheep_crisscross
D:6:      layout_basic, chequers_decorated_corner,
          hangedman_abyss_or_decor_stabs
D:7:      layout_cave_pools, minmay_temple_entry_fiery
D:8:      minmay_klotski, layout_cave_pools, enter_bailey_2,
          serial_column_ruins, column_ruins_grid_1, column_ruins_grid_1,
          column_ruins_open_small, column_ruins_open_medium,
          column_ruins_open_small, uniq_joseph
D:9:      lemuel_troll_bridge, layout_rooms, amcnicky_altar_gilded, orc_david_3,
          special_room [special_room_bee], amethyst_killhole, uniq_erolcha
D:10:     layout_basic, erik_lair_dragon, nicolae_shop_fire_sale
          [nicolae_sub_dead_trees]
D:11:     cheibrodos_grave_circle, layout_basic, uniq_nergalle
Lair:1:   layout_long_grid, nzn_masters_of_martial_movement
Lair:2:   layout_chaotic_city
Lair:3:   layout_regular_city, beast_lair_carwin_9
Lair:4:   layout_regular_city, elwin_shoals_entry_rocks,
          minmay_snake_entry_guardpost_large, lemuel_fruit_tree
Lair:5:   layout_regular_city
Lair:6:   hellmonk_lair_end_abyssal_woods, layout_cave_pods, slime_altar_1,
          portal_ice_cave_entry_imps, infiniplex_staircase_pool,
          grunt_megastairs_5, serial_bayou_shore_b
Shoals:1: layout_shoals, nicolae_shoals_beach_cooler
Shoals:2: layout_shoals
Shoals:3: layout_shoals, serial_shops, nicolae_shop_statue_plus
Orc:1:    layout_caves
Orc:2:    grunt_orc_community_town_hall, layout_caves,
          grunt_orc_community_big_house_1, grunt_orc_community_big_house_2,
          grunt_orc_community_house_3, grunt_orc_community_house_1,
          grunt_orc_community_house_2, grunt_orc_community_house_2,
          grunt_orc_community_house_2, grunt_orc_community_house_1,
          serial_shops, nicolae_shop_competitors_out_of_business,
          minmay_shop_enchanted_jewellery, mines5_lemuel, uniq_nessos

Skill      XL: |  1  2  3  4  5  6  7  8  9 10 11 12 13 14 15 |
---------------+----------------------------------------------+-----
Fighting       | 4 5 6 7 10 11 12 13 14 15 16 | 16.9
Axes           | 5 6 7 9 11 15 16 17 19 21 22 23 | 23.3
Invocations    | 1 2 3 5 6 8 10 12 | 12.9
Armour         | 2 7 9 10 12 | 12.1
Dodging        | 4 6 |  6.6
Stealth        | |  1.6

Action                   |  1- 3 |  4- 6 |  7- 9 | 10-12 | 13-15 | 16-18 || total
-------------------------+-------+-------+-------+-------+-------+-------++-------
Melee: Hand axe          |   136 |    79 |   140 |       |       |       ||   355
       Punch             |     2 |       |     2 |       |       |       ||     4
       Executioner's axe |       |       |    59 |   195 |   581 |       ||   835
Throw: Throwing net      |       |       |     2 |       |       |       ||     2
Invok: Smiting           |       |     4 |     1 |     4 |    16 |       ||    25
       Recall Orcish Fol |       |       |       |     3 |     4 |       ||     7
       Stop Recall       |       |       |       |     1 |     1 |       ||     2
       Give Item to Name |       |       |       |     1 |       |       ||     1
       Resurrection      |       |       |       |       |     1 |       ||     1
Evoke: Wand              |       |       |       |     2 |     2 |       ||     4
  Use: Scroll            |       |     6 |    11 |     8 |    14 |       ||    39
       Potion            |       |       |     1 |     2 |     2 |       ||     5
 Stab: Sleeping          |     5 |     1 |       |       |       |       ||     6
       Distracted        |       |     1 |       |       |     4 |       ||     5
Armor: Robe              |    23 |     8 |       |       |       |       ||    31
       Ring mail         |       |    10 |    42 |       |       |       ||    52
       Scale mail        |       |       |    38 |       |       |       ||    38
       Chain mail        |       |       |    10 |   145 |   175 |       ||   330
       Plate armour      |       |       |       |       |    95 |     3 ||    98
Dodge: Dodged            |    93 |    25 |   102 |   114 |   399 |     1 ||   734

Table legend: (Time is in decaauts)
 A = Elapsed time spent in this place.
 B = Non-inter-level travel time spent in this place.
 C = Inter-level travel time spent in this place.
 D = Time resting spent in this place.
 E = Time spent auto-exploring this place.
 F = Levels seen in this place.
 G = Mean time per level.
                   A        B        C        D        E       F      G
               +--------+--------+--------+--------+--------+-----+--------+
         Total |  24498 |  22981 |   1517 |   3879 |  15113 |  24 | 1020.8 |
       Dungeon |  13306 |  12311 |    995 |   2227 |   8108 |  11 | 1209.6 |
          Lair |   6571 |   6173 |    398 |    417 |   4989 |   6 | 1095.2 |
        Shoals |   1718 |   1663 |     55 |    288 |    795 |   3 |  572.7 |
  Orcish Mines |   1978 |   1910 |     68 |    569 |   1012 |   2 |  989.0 |
        Bailey |    689 |    689 |      0 |    350 |    161 |   1 |  689.0 |
      Ice Cave |    234 |    234 |      0 |     28 |     47 |   1 |  234.0 |
               +--------+--------+--------+--------+--------+-----+--------+

Top non-repeatable levels by time:
     D:8: 1957 daAuts
  Lair:6: 1685 daAuts
     D:2: 1653 daAuts
     D:1: 1549 daAuts
    D:10: 1424 daAuts
     D:9: 1414 daAuts
   Orc:2: 1389 daAuts
     D:4: 1272 daAuts
  Lair:4: 1107 daAuts
  Lair:1: 1092 daAuts
     D:5: 1082 daAuts
  Lair:3: 1005 daAuts
     D:6: 926 daAuts
  Lair:2: 871 daAuts
     D:3: 835 daAuts
